 Dungeon Crawl Stone Soup version 0.31-a0-703-gcfe89afef6 (webtiles) character file.

Game seed: 6227748907063524615

33619 javelincjr the Mimic (level 13, -4/129 HPs)
             Began as a Demigod Shapeshifter on Sept 8, 2023.
             Slain by a death yak (26 damage)
             ... on level 2 of the Lair of Beasts.
             The game lasted 01:01:19 (18121 turns).

javelincjr the Mimic (Demigod Shapeshifter)        Turns: 18121, Time: 01:01:19

Health: -4/129     AC:  9    Str: 32    XL:     13   Next: 8%
Magic:  25/25      EV: 16    Int: 12    God:
Gold:   831        SH:  0    Dex: 23    Spells: 11/12 levels left

rFire   . . .        a - melded +8 quarterstaff of Mens Rea {drain, rN+ Int+3 Dex-2}
rCold   . . .        (shield currently unavailable)
rNeg    . . .        w - melded +0 steam dragon scales
rPois   .            T - melded +1 helmet
rElec   .            B - melded +2 cloak
rCorr   .            N - melded +1 pair of gloves {Stlth+}
SInv    .            (boots currently unavailable)
Will    +....        G - amulet "Saris" {Acrobat Fly}
Stlth   ++           k - ring of magical power
HPRegen 0.41/turn    Q - +6 ring of dexterity
MPRegen 0.19/turn

%: acrobat
@: about to teleport, snake-form, flying, slowed, very slow
A: constrict, boosted hp, large, high MP 1, forlorn, divine attributes
a: Begin Untransformation


You were on level 2 of the Lair of Beasts.
You were an enormous anaconda.
You visited 3 branches of the dungeon, and saw 16 of its levels.
You also visited: Ossuary and Bailey.

You collected 992 gold pieces.
You spent 161 gold pieces at shops.

Inventory:

Hand Weapons
 a - the +8 quarterstaff of Mens Rea (melded) {drain, rN+ Int+3 Dex-2}
   (You found it on level 3 of the Dungeon)

   Int+3:     It affects your intelligence (+3).
   Dex-2:     It affects your dexterity (-2).
   rN+:       It protects you from negative energy.
 b - a +2 orcbow of flaming
 f - a +8 spectral dagger
 p - a +1 great sword of distortion
 U - a +4 battleaxe
Missiles
 u - 30 poisoned darts
 X - 20 boomerangs
Armour
 w - +0 steam dragon scales (melded)
 B - a +2 cloak (melded)
 N - a +1 pair of gloves of stealth (melded)
 O - a +1 leather armour of cold resistance
 P - a +2 chain mail of poison resistance
 T - a +1 helmet (melded)
 Z - the +0 chain mail of Ru's Anger {rElec Will+ Int+2 Stlth-}
   (You found it in a bailey)

   Int+2:     It affects your intelligence (+2).
   rElec:     It insulates you from electricity.
   Will+:     It increases your willpower.
   Stlth-:    It makes you less stealthy.
Magical Staves
 e - a staff of death
Jewellery
 h - an amulet of guardian spirit
 k - a ring of magical power (left hand)
 o - a ring of magical power
 x - a ring of fire
 A - a ring of see invisible
 G - the amulet "Saris" (around neck) {Acrobat Fly}
   (You acquired it on level 10 of the Dungeon)

   [amulet of the acrobat]

   Acrobat:   It increases your evasion while moving and waiting.
   Fly:       It grants you flight.
 M - a ring of resist corrosion
 Q - a +6 ring of dexterity (right hand)
Talismans
 c - a beast talisman
 d - a flux talisman
 R - a serpent talisman (active)
Wands
 j - a wand of paralysis (40)
 v - a wand of acid (12)
 E - a wand of flame (6)
 J - a wand of digging (6)
 V - a wand of mindburst (3)
 W - a wand of roots (10)
Scrolls
 i - 3 scrolls of amnesia
 l - a scroll of blinking
 n - 4 scrolls of identify
 r - 3 scrolls of fog
 t - 5 scrolls of noise
 y - a scroll of vulnerability
 C - 3 scrolls of poison
 K - 3 scrolls of teleportation
 S - 2 scrolls of brand weapon
 Y - 3 scrolls of revelation
Potions
 g - 5 potions of brilliance
 q - 11 potions of curing
 s - 3 potions of attraction
 z - 4 potions of lignification
 D - 2 potions of might
 H - 4 potions of mutation
 L - 7 potions of haste
Miscellaneous
 m - a sack of spiders
 I - a phial of floods (inert)


   Skills:
 + Level 8.6 Fighting
 + Level 7.7 Staves
 + Level 5.1 Armour
 + Level 8.5 Dodging
 + Level 8.8 Unarmed Combat
 - Level 2.5 Evocations
 * Level 11.2 Shapeshifting


You had 11 spell levels left.
You knew the following spells:

 Your Spells              Type           Power      Damage    Failure   Level
a - Foxfire               Conj/Fire      0%         2x1d4     32%         1

Your spell library contained the following spells:

 Spells                   Type           Power      Damage    Failure   Level
 Plasma Beam              Fire/Air       0%         2x1d10    100%        6
 Starburst                Conj/Fire      0%         6d3       100%        6


Dungeon Overview and Level Annotations

Branches:
Dungeon (12/15)            Temple (1/1) D:5            Lair (3/5) D:11
    Orc (0/2) D:9         Ossuary (visited)          Bailey (visited)
  Swamp: Lair:2-3    Shoals: Lair:2-3     Snake: Lair:2-3    Spider: Lair:2-3

Shops:
D:4 (   D:10 [

Annotations:
Lair:2 1 runed translucent door, randomguy2701's ghost, journeyman HOFi
Lair:3 Rupert


Innate Abilities, Weirdness & Mutations

You are an enormous anaconda.
You have a powerful constriction melee attack.
Your maximum health is increased.
Your armour is entirely melded.
You are incapable of wielding weapons or throwing items.
You have an increased reservoir of magic. (+10% MP)
You shall have no god before yourself.
Your divine heritage dramatically boosts your attributes as you level up.


Message History

You body-slam the death yak!!
The death yak is severely wounded.
You constrict the death yak. The death yak closely misses you.
You hit the death yak but do no damage.
The death yak is almost dead.
You constrict the death yak. The death yak barely misses you.
You hit the death yak.
The death yak is almost dead.
You constrict the death yak.
You kill the death yak!
You start resting.
HP restored.
You fly downwards.
Level annotation: Rupert The death yak gores you!
The death yak gores you but does no damage.
The death yak completely misses you. The torpor snail bites you.
Being near the torpor snail leaves you feeling lethargic.
The death yak misses you. The death yak gores you!!
The death yak gores you but does no damage.
There is a stone staircase leading up, spattered with blood here.
The death yak gores you but does no damage.
The death yak barely misses you.
The death yak gores you but does no damage.
The death yak gores you! The torpor snail bites you.
You fly upwards.
Level annotation: 1 runed translucent door, randomguy2701's ghost, journeyman HOFi
There is a stone staircase leading down, spattered with blood here.
As you read the scroll of teleportation, it crumbles to dust.
You feel strangely unstable. The death yak gores you.
The death yak completely misses you. The death yak barely misses you. x2
The torpor snail bites you. The death yak completely misses you.
The death yak gores you! The death yak gores you. The death yak gores you!!
* * * LOW HITPOINT WARNING * * *
You feel much better. The death yak gores you!!
* * * LOW HITPOINT WARNING * * *
The death yak closely misses you. The death yak gores you!
* * * LOW HITPOINT WARNING * * *
The death yak gores you!!
You die...

.P## #...............##....#..
(.# #P#.............#####.... .##
###..P..###PPP#.# ###.. .#
####.## ####### #.. .######
####.# ###### ### ..##..#
#...'######....## ♣ .#.##.##
##.>............# ###i .......##
#....wY........## ##.## ........#
##...YS.........###..⌠#
.......### #...Y.Y......(+...#..#
.........###.............#...+..+
..........##..............#.....#
.......#.................#####.⌠#
#.#.#.#.#.#.#.#.#........## #.##
..........................# ##.#.
#.#.#.#.#.#.#.#.#........## #..#♣
.................'##P##### #..##


You could see 4 death yaks and a torpor snail.

Vanquished Creatures
  An orc warlord (Bailey)
  A hydra (Lair:2)
  A boulder beetle (D:11)
  3 two-headed ogres
  A death yak (Lair:2)
  A manticore (D:12)
  2 black mambas
  5 cane toads
  Maggie (D:6)
  2 gargoyles
  A rime drake (Lair:1)
  A komodo dragon (Lair:2)
  2 trolls
  A polar bear (Lair:2)
  The ghost of olddryhag the Ducker, an amateur DsWn of Gozag (D:6)
  2 hornets
  7 blink frogs
  22 yaks
  A vampire (D:9)
  2 wyverns
  4 fire bats (D:11)
  A wraith (D:11)
  2 steam dragons (D:8)
  A fire elemental (D:11)
  Grum (D:9)
  Menkaure (D:6)
  12 vampire mosquitoes
  2 wargs (D:11)
  An acid dragon (D:10)
  A hell hound (D:11)
  11 water moccasins
  10 orc warriors
  An ice beast (D:7)
  3 sky beasts
  4 black bears
  An ogre (D:5)
  14 wolves
  8 centaurs
  2 kobold brigands
  10 bullfrogs
  A gnoll sergeant (D:7)
  4 scorpions
  9 wights
  6 killer bees (D:8)
  6 howler monkeys
  2 lava snakes (D:11)
  A human zombie (Ossuary)
  A jelly (D:4)
  3 centaur zombies (Ossuary)
  4 hounds
  6 orc priests
  Crazy Yiuf (D:6)
  2 gnoll boudas
  4 iguanas
  8 orc wizards
  3 mummies (Ossuary)
  13 gnolls
  2 adders
  A shadow imp (D:3)
  4 white imps
  An ufetubus (D:6)
  2 adder zombies (Ossuary)
  A worm (D:3)
  A dart slug (D:4)
  43 orcs
  8 bats
  7 endoplasms
  2 giant cockroaches
  9 goblins
  8 hobgoblins
  2 jackals (D:1)
  3 quokkas
  10 ball pythons
  3 frilled lizards
  2 gnoll zombies (Ossuary)
  3 goblin zombies (Ossuary)
  2 hobgoblin zombies (Ossuary)
  3 jackal zombies (Ossuary)
  27 kobolds
  6 kobold zombies (Ossuary)
  3 orc zombies (Ossuary)
  3 quokka zombies (Ossuary)
  7 rats
  6 rat zombies (Ossuary)
391 creatures vanquished.

Vanquished Creatures (others)
  26 foxfires
26 creatures vanquished.

Grand Total: 417 creatures vanquished

Notes
Turn   | Place    | Note
-------+----------+-------------------------------------------
     0 | D:1      | javelincjr the Demigod Shapeshifter began the quest for the
                  | Orb.
     0 | D:1      | Reached XP level 1. HP: 15/15 MP: 3/3
    30 | D:1      | Reached skill level 1 in Fighting
   184 | D:1      | Reached XP level 2. HP: 23/23 MP: 4/4
   411 | D:1      | Reached skill level 3 in Shapeshifting
   828 | D:2      | You fall into a shaft and drop 1 floor!
  1074 | D:2      | Reached XP level 3. HP: 18/28 MP: 5/5
  1802 | D:3      | Identified the +8 quarterstaff of Mens Rea {drain, rN+
                  | Int+3 Dex-2}
  2284 | D:4      | Found Jueloty's Weapon Emporium.
  2424 | D:4      | Reached XP level 4. HP: 32/36 MP: 6/6
  2605 | D:4      | Reached skill level 1 in Staves
  2605 | D:4      | Reached XP level 5. HP: 16/41 MP: 6/7
  3041 | D:5      | Entered Level 5 of the Dungeon
  3152 | D:5      | Reached skill level 4 in Shapeshifting
  3279 | D:5      | Reached XP level 6. HP: 9/50 MP: 4/8
  3430 | D:5      | Found a staircase to the Ecumenical Temple.
  3439 | Temple   | Entered the Ecumenical Temple
  3794 | D:5      | Noticed a water moccasin
  3799 | D:5      | Killed a water moccasin
  4135 | D:6      | Found a sand-covered staircase.
  4144 | D:6      | Noticed Menkaure
  4149 | Ossuary  | Entered an ossuary
  4397 | Ossuary  | Reached XP level 7. HP: 49/57 MP: 9/9
  4626 | D:6      | Killed Menkaure
  4627 | D:6      | Reached skill level 5 in Shapeshifting
  4906 | D:6      | Found a transporter.
  4906 | D:6      | Noticed olddryhag's ghost (amateur DsWn)
  5100 | D:6      | Found a transporter.
  5388 | D:6      | Reached XP level 8. HP: 59/66 MP: 10/10
  5592 | D:6      | Noticed Maggie
  5604 | D:6      | Killed Maggie
  5812 | D:6      | Found a runed translucent door.
  5813 | D:6      | Noticed Crazy Yiuf
  5817 | D:6      | Paralysed by Crazy Yiuf for 5 turns
  5827 | D:6      | Killed Crazy Yiuf
  5828 | D:6      | Reached skill level 6 in Shapeshifting
  6502 | D:6      | Killed olddryhag's ghost
  6503 | D:6      | Reached skill level 5 in Unarmed Combat
  6936 | D:7      | Reached XP level 9. HP: 64/72 MP: 11/11
  6966 | D:7      | Reached skill level 5 in Dodging
  6983 | D:7      | Reached skill level 5 in Fighting
  6983 | D:7      | Reached skill level 7 in Shapeshifting
  7576 | D:7      | Paralysed by a hornet for 1 turns
  8487 | D:8      | Reached skill level 5 in Staves
  9210 | D:9      | Noticed Grum
  9216 | D:9      | Reached XP level 10. HP: 46/83 MP: 13/13
  9220 | D:9      | Killed Grum
  9225 | D:9      | Reached skill level 8 in Shapeshifting
 10001 | D:9      | Noticed a two-headed ogre
 10013 | D:9      | Killed a two-headed ogre
 10213 | D:9      | Paralysed by a hornet for 1 turns
 10544 | D:9      | Found a staircase to the Orcish Mines.
 10938 | D:10     | Entered Level 10 of the Dungeon
 11474 | D:10     | Found a flagged portal.
 11479 | Bailey   | Entered a bailey
 11543 | Bailey   | Noticed an orc warlord
 11636 | Bailey   | Found a runed translucent gate.
 11638 | Bailey   | Found a runed translucent gate.
 11640 | Bailey   | Found a runed translucent gate.
 11795 | Bailey   | Killed an orc warlord
 11796 | Bailey   | Reached skill level 9 in Shapeshifting
 11809 | Bailey   | Identified the +0 chain mail of Ru's Anger {rElec Will+
                  | Int+2 Stlth-}
 11818 | Bailey   | Reached XP level 11. HP: 20/92 MP: 7/14
 12050 | D:10     | Found Bef Cyol's Armour Boutique.
 12078 | D:10     | Bought a +0 pair of gloves of stealth for 161 gold pieces
 12078 | D:10     | Identified a scroll of acquirement
 12078 | D:10     | Acquired the amulet "Saris" {Acrobat Fly}
 12197 | D:10     | Learned a level 1 spell: Foxfire
 12666 | D:11     | Found a staircase to the Lair.
 12871 | D:11     | Noticed a two-headed ogre
 12880 | D:11     | Killed a two-headed ogre
 13076 | D:11     | Noticed a boulder beetle
 13090 | D:11     | Killed a boulder beetle
 13091 | D:11     | Reached XP level 12. HP: 81/100 MP: 15/15
 13166 | D:11     | Reached skill level 10 in Shapeshifting
 14996 | Lair:1   | Entered Level 1 of the Lair of Beasts
 15195 | Lair:1   | You are sucked into a shaft and drop 1 floor!
 16468 | Lair:2   | Noticed a four-headed hydra
 16480 | Lair:2   | Killed a four-headed hydra
 16810 | Lair:2   | Reached skill level 11 in Shapeshifting
 16840 | Lair:2   | Reached skill level 5 in Armour
 17278 | Lair:2   | Found a runed translucent door.
 17280 | Lair:2   | Noticed randomguy2701's ghost (journeyman HOFi)
 17280 | Lair:2   | Identified the +7 spear of the Valley {venom, rC++}
 17394 | Lair:2   | Reached XP level 13. HP: 108/108 MP: 16/16
 17942 | Lair:3   | Noticed Rupert
 17948 | Lair:3   | Paralysed by Rupert for 2 turns
 17961 | Lair:3   | Paralysed by Rupert for 5 turns
 18121 | Lair:2   | Slain by a death yak

Illustrated notes

Levels and vault maps discovered:
D:1:      tarquinn_simple_flora_water_a, layout_loops_ring, serial_park_tiny_1,
          kennysheep_flooded_box, minmay_door_square, minmay_distorted
D:2:      layout_rooms
D:3:      layout_basic, tso_altar, nicolae_kikubaaqudgha_miasma_corner,
          minmay_misc_feat_room, minmay_unequal
D:4:      layout_loops_ring, serial_shops, shop
D:5:      layout_basic, minmay_temple_entry_hall
D:6:      layout_basic, nicolae_ossuary_entry_ruins, gammafunk_ghost_arena,
          glass_columns_c, minmay_misc_feat_columns, uniq_menkaure, uniq_maggie,
          uniq_crazy_yiuf_cottage
D:7:      layout_loops_ring, marbit_many_paths, zin_academy,
          minmay_fountain_box, minmay_misc_feat_chi
D:8:      layout_cave_pods, nicolae_hepliaklqana_ecumenical_no_more
D:9:      layout_gridville, mainiacjoe_overflow_tiny_flanked, orc_0_dummy,
          nrook_mini_backslash, minmay_circle_x, uniq_grum
D:10:     layout_roguey, nicolae_wu_jian_glorious_leap, serial_shops,
          nicolae_shop_waterfront, enter_bailey_3, minmay_microvault
D:11:     layout_irregular_city, erik_lair_orcish_takeover,
          hangedman_incinerator
D:12:     layout_stronghold
Temple:   nicolae_temple_bog_church
Lair:1:   layout_concentric_octagons, grunt_megastairs_3
Lair:2:   layout_roguey, ebering_ghost_funeral_grove, st_stairs_11,
          lemuel_centaur_altar, lemuel_fruit_tree, lemuel_fruit_fields
Lair:3:   layout_chaotic_city, swamp_mist_pool, dummy_spider_entry,
          lemuel_fruit_fields, serial_bayou_shore_a, lemuel_fruit_fields,
          uniq_rupert

Skill      XL: |  1  2  3  4  5  6  7  8  9 10 11 12 |
---------------+-------------------------------------+-----
Fighting       | 1 2 3 4 5 7 8 |  8.6
Dodging        | 2 3 4 5 7 8 |  8.5
Shapeshifting  | 3 4 5 6 7 9 11 | 11.2
Unarmed Combat | 3 4 5 6 7 8 |  8.8
Staves         | 1 2 3 4 5 6 7 |  7.7
Armour         | 2 3 5 |  5.1
Evocations     | 2 |  2.5

Action                     |  1- 3 |  4- 6 |  7- 9 | 10-12 | 13-15 || total
---------------------------+-------+-------+-------+-------+-------++-------
  Melee: Unarmed           |    38 |       |       |   577 |    36 ||   651
         Punch             |     1 |       |       |       |       ||     1
         Dagger            |    72 |       |       |       |       ||    72
         Quarterstaff      |    22 |    78 |   287 |    16 |       ||   403
         Constrict         |       |       |       |    57 |    13 ||    70
   Fire: Orcbow            |       |       |    12 |       |       ||    12
   Cast: Foxfire           |       |       |       |    15 |       ||    15
Ability: Begin Untransform |       |       |     1 |       |       ||     1
  Evoke: Wand              |       |       |       |     2 |       ||     2
         Phial of floods   |       |       |       |     1 |       ||     1
    Use: Scroll            |     4 |     4 |     7 |    15 |     2 ||    32
         Potion            |       |       |       |     6 |     1 ||     7
   Stab: Sleeping          |     5 |       |       |     1 |     1 ||     7
 Armour: Animal skin       |    61 |    53 |    85 |       |       ||   199
         Steam dragon scal |       |       |   155 |   198 |       ||   353
         Skin              |       |       |       |   168 |    38 ||   206
  Dodge: Dodged            |    95 |    57 |   226 |   518 |    37 ||   933
   Form: Beast             |       |       |     1 |       |       ||     1
         Flux              |       |       |       |     1 |       ||     1
         Anaconda          |       |       |       |     1 |       ||     1

Table legend: (Time is in decaauts)
 A = Elapsed time spent in this place.
 B = Non-inter-level travel time spent in this place.
 C = Inter-level travel time spent in this place.
 D = Time resting spent in this place.
 E = Time spent auto-exploring this place.
 F = Levels seen in this place.
 G = Mean time per level.
                   A        B        C        D        E       F      G
               +--------+--------+--------+--------+--------+-----+--------+
         Total |  18128 |  17523 |    605 |   2990 |  11446 |  18 | 1007.1 |
       Dungeon |  13962 |  13418 |    544 |   2023 |   9264 |  12 | 1163.5 |
        Temple |     32 |      4 |     28 |      0 |      0 |   1 |   32.0 |
          Lair |   3100 |   3067 |     33 |    793 |   1819 |   3 | 1033.3 |
       Ossuary |    486 |    486 |      0 |      0 |    337 |   1 |  486.0 |
        Bailey |    546 |    546 |      0 |    174 |     26 |   1 |  546.0 |
               +--------+--------+--------+--------+--------+-----+--------+

Top non-repeatable levels by time:
     D:6: 1891 daAuts
  Lair:2: 1844 daAuts
     D:9: 1745 daAuts
     D:7: 1399 daAuts
    D:11: 1344 daAuts
     D:5: 1317 daAuts
  Lair:1: 1151 daAuts
    D:10: 1086 daAuts
     D:8: 1078 daAuts
    D:12: 1048 daAuts
     D:3: 950 daAuts
     D:1: 814 daAuts
     D:4: 767 daAuts
  Bailey: 546 daAuts
     D:2: 518 daAuts
